 Dungeon Crawl Stone Soup version 0.22-a0-558-gc2241811a9 (webtiles) character file.

684391 PikkenKukken the Slayer (level 27, -17/229 HPs)
             Began as a Demonspawn Fighter on June 26, 2018.
             Was the Champion of Hepliaklqana.
             Killed from afar by a hellion (21 damage)
             ... with damnation
             ... on level 7 of the Dungeon on June 27, 2018.
             The game lasted 05:52:53 (73869 turns).

PikkenKukken the Slayer (Demonspawn Fighter)       Turns: 73869, Time: 05:52:54

Health: -17/229    AC: 54    Str: 24      XL:     27
Magic:  10/10      EV: 18    Int: 11 (12) God:    Hepliaklqana [******]
Gold:   7908       SH:  0    Dex: 18 (19) Spells: 26/26 levels left

rFire    + + +     SeeInvis +   a - +5 battleaxe of the Spider Nest {antimagic, rPois rC+ MR+}
rCold    + + +     Gourm    .   (shield currently unavailable)
rNeg     . . .     Faith    .   e - +7 gold dragon scales
rPois    +         Spirit   .   (helmet unavailable)
rElec    .         Reflect  .   n - scarf {repulsion}
rCorr    +         Harm     .   J - +2 pair of gloves of Oshremat {-Cast rC+ rCorr Dex+3}
MR       +++++     NoCast   +   (no boots)
Stlth    ..........             U - amulet of Vitality {Regen+ HP+15}
HPRegen  0.88/turn              M - ring of Robustness {AC+8}
MPRegen  0.12/turn              q - ring "Fuiryh" {rF++ MR+ Slay+3 SInv Stlth+}

@: sanguine armour, hasted, repel missiles, very quick
A: reduced essence, beak, hooves 1, horns 3, blurry vision 1, cold resistance 1,
deterioration 1, fire resistance 1, hurl damnation, magic resistance 1, poison
resistance, powered by death 3, screaming 1, spiny 3, flame cloud immunity,
subdued magic 1, sanguine armour 3
0: Orb of Zot
}: 3/15 runes: serpentine, barnacled, silver
a: Hurl Damnation, Recall Ancestor, Ancestor Identity, Transference, Idealise,
Renounce Religion


You were on level 7 of the Dungeon.
You worshipped Hepliaklqana.
Hepliaklqana was exalted by your worship.
You were very full.

You visited 12 branches of the dungeon, and saw 54 of its levels.
You visited the Abyss 1 time.
You also visited: Sewer and Bailey.

You collected 9549 gold pieces.
You spent 1641 gold pieces at shops.

Inventory:

Hand Weapons
 a - the +5 battleaxe of the Spider Nest (weapon) {antimagic, rPois rC+ MR+}
   (You found it on level 3 of the Shoals)

   It reduces the magical energy of the wielder, and disrupts the spells and
   magical abilities of those hit.
   Natural abilities and divine invocations are not affected.
   It protects you from cold.
   It protects you from poison.
   It affects your resistance to hostile enchantments.
 b - the +10 fustibalus "Killer Bee's Peril" {flame, rPois Dex+6}
   (You found it on level 5 of the Lair of Beasts)

   It causes projectiles fired from it to burn those they strike, causing extra
   injury to most foes and up to half again as much damage against particularly
   susceptible opponents.
   It affects your dexterity (+6).
   It protects you from poison.
Missiles
 t - 95 tomahawks (quivered)
 S - 136 sling bullets
Armour
 e - +7 gold dragon scales (worn)
 n - a scarf of repulsion (worn)
 J - the +2 pair of gloves of Oshremat (worn) {-Cast rC+ rCorr Dex+3}
   (You found it on level 2 of the Vaults)

   It affects your dexterity (+3).
   It protects you from cold.
   It prevents spellcasting.
   It protects you from acid and corrosion.
Jewellery
 q - the ring "Fuiryh" (right hand) {rF++ MR+ Slay+3 SInv Stlth+}
   (You found it on level 5 of the Realm of Zot)

   [ring of slaying]

   It affects your accuracy and damage with ranged weapons and melee attacks
   (+3).
   It greatly protects you from fire.
   It affects your resistance to hostile enchantments.
   It lets you see invisible.
   It makes you more stealthy.
 E - an uncursed ring of protection from magic
 I - an uncursed ring of positive energy
 M - the ring of Robustness (left hand) {AC+8}
   (You found it on level 2 of the Lair of Beasts)

   [ring of protection]

   It affects your AC (+8).
 O - a +6 ring of evasion
 Q - the ring "Woxzaun" {+Fly Str+4 Dex+2}
   (You found it on level 3 of the Crypt)

   [ring of flight]

   It affects your strength (+4).
   It affects your dexterity (+2).
   It lets you fly.
 U - the amulet of Vitality (around neck) {Regen+ HP+15}
   (You took it off a deep elf sorcerer on level 3 of the Elven Halls)

   [amulet of regeneration]

   It affects your health (+15).
   It increases your rate of regeneration.
Wands
 c - a wand of polymorph (12)
 K - a wand of digging (15)
Scrolls
 g - 23 scrolls of identify
 r - 25 scrolls of teleportation
 u - 28 scrolls of remove curse
 w - a scroll of amnesia
 B - 2 scrolls of fog
 C - 7 scrolls of enchant weapon
 R - 3 scrolls of fear
 T - a scroll of summoning
 V - 4 scrolls of magic mapping
 Y - 2 scrolls of blinking
Potions
 d - 6 potions of brilliance
 h - a potion of magic
 i - a potion of resistance
 j - 5 potions of ambrosia
 k - a potion of mutation
 l - 7 potions of haste
 m - 13 potions of curing
 p - 3 potions of invisibility
 v - 9 potions of heal wounds
 A - 8 potions of cancellation
 D - 3 potions of agility
 W - 4 potions of flight
 X - 6 potions of might
Comestibles
 f - 67 rations


   Skills:
 + Level 24.1 Fighting
 + Level 21.3 Axes
 + Level 18.2 Slings
   Level 8.0 Bows
 + Level 21.3 Armour
 + Level 21.2 Dodging
   Level 2.6 Shields
 - Level 10.0 Invocations


You had 26 spell levels left.
You didn't know any spells.
Your spell library contained the following spells:

 Spells                   Type           Power        Failure   Level  Hunger
 Cause Fear               Hex            #.........   100%        4    #####..
 Magic Dart               Conj           #...         99%         1    ##.....
 Fireball                 Conj/Fire      #.........   100%        5    ######.
 Apportation              Tloc           #.....       99%         1    ##.....
 Conjure Flame            Conj/Fire      #.......     100%        3    ####...
 Bolt of Fire             Conj/Fire      #.........   100%        6    #######
 Lightning Bolt           Conj/Air       #.........   100%        5    ######.
 Bolt of Magma            Conj/Fire/Erth #.........   100%        5    ######.
 Slow                     Hex            #.......     100%        2    ###....
 Confuse                  Hex            #.......     100%        3    ####...
 Throw Flame              Conj/Fire      #.....       100%        2    ###....
 Controlled Blink         Tloc           N/A          100%        8    #######
 Freezing Cloud           Conj/Ice/Air   #.........   100%        6    #######
 Mephitic Cloud           Conj/Pois/Air  #.......     100%        3    ####...
 Ring of Flames           Chrm/Fire      #.........   100%        7    #######
 Summon Small Mammal      Summ           #...         99%         1    ##.....
 Lehudib's Crystal Spear  Conj/Erth      #.........   100%        8    #######
 Fire Storm               Conj/Fire      #.........   100%        9    #######
 Iskenderun's Mystic Bla  Conj           #.......     100%        4    #####..
 Animate Dead             Necr           N/A          100%        4    #####..
 Pain                     Necr           #...         99%         1    ##.....
 Animate Skeleton         Necr           N/A          99%         1    ##.....
 Vampiric Draining        Necr           #.........   100%        3    ####...
 Sticky Flame             Conj/Fire      #.......     100%        4    #####..
 Summon Ice Beast         Ice/Summ       #.......     100%        4    #####..
 Call Imp                 Summ           #.......     100%        2    ###....
 Poison Arrow             Conj/Pois      #.........   100%        6    #######
 Regeneration             Chrm/Necr      #.........   100%        3    ####...
 Sting                    Conj/Pois      #...         99%         1    ##.....
 Tukima's Dance           Hex            #.......     100%        3    ####...
 Iron Shot                Conj/Erth      #.........   100%        6    #######
 Stone Arrow              Conj/Erth      #.....       100%        3    ####...
 Shock                    Conj/Air       #...         99%         1    ##.....
 Swiftness                Chrm/Air       #.......     100%        2    ###....
 Recall                   Summ/Tloc      N/A          100%        3    ####...
 Spider Form              Tmut/Pois      #.........   100%        3    ####...
 Blade Hands              Tmut           #.........   100%        5    ######.
 Statue Form              Tmut/Erth      #........    100%        6    #######
 Ice Form                 Ice/Tmut       #.......     100%        4    #####..
 Dragon Form              Tmut           #.........   100%        7    #######
 Deflect Missiles         Chrm/Air       #.........   100%        6    #######
 Throw Icicle             Conj/Ice       #.......     100%        4    #####..
 Glaciate                 Conj/Ice       #.........   100%        9    #######
 Airstrike                Air            #.........   100%        4    #####..
 Shadow Creatures         Summ           N/A          100%        6    #######
 Confusing Touch          Hex            #.....       99%         1    ##.....
 Flame Tongue             Conj/Fire      #....        99%         1    ##.....
 Passwall                 Tmut/Erth      #.......     100%        2    ###....
 Ignite Poison            Fire/Tmut/Pois #.......     100%        3    ####...
 Sticks to Snakes         Tmut           #.......     100%        2    ###....
 Call Canine Familiar     Summ           #.......     100%        3    ####...
 Ensorcelled Hibernation  Hex/Ice        #.....       100%        2    ###....
 Metabolic Englaciation   Hex/Ice        #.........   100%        5    ######.
 Summon Butterflies       Summ           #.......     99%         1    ##.....
 Silence                  Hex/Air        #.........   100%        5    ######.
 Shatter                  Erth           #.........   100%        9    #######
 Dispersal                Tloc           #.........   100%        6    #######
 Static Discharge         Conj/Air       #.......     100%        3    ####...
 Corona                   Hex            #......      99%         1    ##.....
 Alistair's Intoxication  Tmut/Pois      #.......     100%        5    ######.
 Lee's Rapid Deconstruct  Erth           #.........   100%        5    ######.
 Sandblast                Erth           #.....       99%         1    ##.....
 Conjure Ball Lightning   Conj/Air       #.........   100%        6    #######
 Chain Lightning          Conj/Air       #.........   100%        8    #######
 Excruciating Wounds      Chrm/Necr      #.........   100%        5    ######.
 Portal Projectile        Hex/Tloc       #.....       100%        3    ####...
 Petrify                  Tmut/Erth      #.......     100%        4    #####..
 Malign Gateway           Summ/Tloc      #.........   100%        7    #######
 Tornado                  Air            #.........   100%        9    #######
 Leda's Liquefaction      Hex/Erth       #.........   100%        4    #####..
 Darkness                 Hex            #.........   100%        6    #######
 Shroud of Golubria       Chrm/Tloc      #.........   100%        2    ###....
 Inner Flame              Hex/Fire       #.......     100%        3    ####...
 Beastly Appendage        Tmut           #.....       99%         1    ##.....
 Disjunction              Tloc           #.........   100%        8    #######
 Fulminant Prism          Conj/Hex       #.........   100%        4    #####..
 Dazzling Spray           Conj/Hex       #.....       100%        3    ####...
 Force Lance              Conj/Tloc      #.......     100%        4    #####..
 Infusion                 Chrm           #...         99%         1    ##.....
 Song of Slaying          Chrm           #.......     100%        2    ###....
 Spectral Weapon          Hex/Chrm       #.......     100%        3    ####...
 Searing Ray              Conj           #.....       100%        2    ###....
 Summon Forest            Summ/Tloc      #.........   100%        5    ######.
 Summon Lightning Spire   Summ/Air       #.......     100%        4    #####..
 Summon Guardian Golem    Hex/Summ       #.......     100%        3    ####...
 Dragon's Call            Summ           #.........   100%        9    #######
 Hydra Form               Tmut           #.........   100%        6    #######
 Irradiate                Conj/Tmut      #.........   100%        5    ######.
 Gell's Gravitas          Tloc           #.........   100%        3    ####...
 Yara's Violent Unravell  Hex/Tmut       #.........   100%        5    ######.
 Poisonous Vapours        Pois/Air       #.....       100%        2    ###....
 Ignition                 Fire           #.........   100%        8    #######
 Borgnjor's Vile Clutch   Necr/Erth      #.........   100%        5    ######.


Dungeon Overview and Level Annotations

Branches:
Dungeon (15/15)            Temple (1/1) D:4            Lair (6/6) D:9
 Shoals (4/4) Lair:2        Snake (4/4) Lair:2        Slime (0/5) Lair:6
    Orc (2/2) D:10            Elf (3/3) Orc:2        Vaults (5/5) D:13
  Crypt (3/3) Vaults:3       Tomb (1/3) Crypt:3      Depths (5/5) D:15
    Zot (5/5) Depths:5

Altars:
Ashenzari
Cheibriados
Dithmenos
Elyvilon
Fedhas
Gozag
Hepliaklqana
Kikubaaqudgha
Makhleb
Okawaru
Qazlal
Ru
Sif Muna
Uskayaw
Vehumet
Wu Jian
Xom
Yredelemnul
Zin
The Shining One
Beogh
Jiyva
Lugonu

Shops:
D:4 ?   D:5 !   D:6 *   D:7 %   D:8 =   D:9 :   D:11 !   Orc:1 %   Orc:2 [((=
Elf:3 *(   Snake:3 ([   Vaults:1 (   Vaults:2 !(*:   Depths:3 :

Portals:
Hell: Depths:1 Depths:2 Depths:3 Depths:4 Depths:5
Abyss: Depths:2 Depths:4
Pandemonium: Depths:3 Depths:5
Ziggurat: Depths:1

Annotations:
D:4 1 runed door, tamionv's ghost, novice OpFi
Lair:3 3 runed doors, Ufuzuash's ghost, journeyman GnBe
Snake:2 1 runed door, Empafujaloe's ghost, adept TrMo
Depths:4 1 transporter


Innate Abilities, Weirdness & Mutations

You have a pair of large horns on your head.
Your flesh is heat resistant. (rF+)
You can hurl damnation.
You regenerate a lot of health from kills.
You are completely covered in sharp spines.
You are immune to clouds of flame.
When seriously injured, your bleeding wounds create very thick armour. (AC +12)
Your life essence is reduced to manifest your ancestor. (-10% HP)
You have a beak for a mouth.
You have large cloven feet.
Scrolls take you a little longer to read.
Your flesh is cold resistant. (rC+)
Your body sometimes deteriorates upon taking damage.
You are resistant to hostile enchantments. (MR+)
Your system is resistant to poisons. (rPois)
You occasionally shout uncontrollably at your foes.
Your spells are a little easier to cast, but a little less powerful.


Message History

An Orb Guardian comes into view.
The ufetubus hits you.
* * * LOW HITPOINT WARNING * * *
The ufetubus misses you.
Your blink will be uncontrolled - continue anyway?
Really read with blurry vision while enemies are nearby?
You begin reading the scroll.
You continue reading the scroll.
The ufetubus hits you but does no damage. x2
The Orb prevents control of your translocation!
You blink.
As you read the scroll of blinking, it crumbles to dust.
The hellion gestures at you.
The sphere of damnation explodes!
The damnation engulfs you!
* * * LOW HITPOINT WARNING * * *
The damnation engulfs the ufetubus.
The ufetubus dies!
A red devil comes into view. It is wielding an enchanted trident.
The hellion gestures at you.
The sphere of damnation explodes!
The damnation engulfs you!
You die...

##.............#
#.............##
#............## #
#...........## #
#.####.####.# ##
#.##.....##.# .#
###.#.......#.#
.#####...#.......#.#
###.5.5..2..._..@..#
..2..##.5#.......#.#
.2.####.&#.......#.##
#### #..##4....##).#
# #&.####5####..# #
##.5..........# #
######..####.# ##
#..# #..# .###
#..###.##


You could see a hellion, a red devil and an ufetubus.

Vanquished Creatures
  3 ancient liches
  An orb of fire (Zot:3)
  Sojobo (Vaults:5)
  Boris (Depths:4)
  Saint Roka (Orc:2)
  A Killer Klown (Zot:5)
  Nikola (Snake:3)
  the Enchantress (Depths:2)
  6 golden dragons
  A profane servitor (Depths:1)
  A Tzitzimitl (Zot:4)
  A bone dragon (Crypt:3)
  A shard shrike zombie (Crypt:2)
  An electric golem (Zot:4)
  A lich (Vaults:5)
  17 tentacled monstrosities
  2 deep elf blademasters (Elf:3)
  15 Orb Guardians
  A kraken (Shoals:3)
  2 deep elf master archers (Elf:3)
  2 titans
  3 quicksilver dragons
  2 tentacled starspawn (Abyss:4)
  8 death cobs
  An eldritch tentacle (Zot:5)
  Agnes (Elf:2)
  7 shadow dragons
  4 tengu reavers (Vaults:5)
  3 ancient champions
  9 nagarajas
  7 storm dragons
  Donald (Vaults:1)
  5 draconian monks
  A daeva (Abyss:3)
  2 revenants
  Ilsuiw (Shoals:4)
  6 frost giants
  An iron dragon (Depths:5)
  13 vault wardens
  2 balrugs
  2 fire giants
  2 curse skulls
  8 deep elf sorcerers
  An emperor scorpion (D:15)
  3 draconian annihilators
  3 draconian scorchers
  2 draconian shifters (Zot:2)
  A draconian stormcaller (Zot:2)
  19 ironheart preservers
  2 war gargoyles
  8 ghouls
  3 deep elf elementalists
  22 stone giants
  3 spriggan defenders (Depths:2)
  3 vampire knights
  14 very ugly things
  An entropy weaver (Vaults:4)
  5 green draconians
  A dire elephant (D:15)
  3 deep elf demonologists
  11 deep elf annihilators (Elf:3)
  8 yellow draconians
  5 red draconians
  7 black draconians
  8 white draconians
  6 purple draconians
  3 merfolk javelineers
  7 ettins
  Josephine (Lair:6)
  2 spark wasps (Depths:5)
  2 pearl dragon zombies (Depths:1)
  6 eidola
  6 deep elf death magi
  8 jiangshi
  11 deep elf high priests
  Snorg (Lair:5)
  17 yaktaur captains
  6 fire dragons
  5 merfolk impalers
  5 great orbs of eyes
  10 ogre magi
  5 rakshasas
  26 vault guards
  A catoblepas (D:10)
  3 merfolk avatars
  6 hydras
  6 ice dragons
  An alligator snapping turtle (Shoals:4)
  3 spriggan air magi
  6 anacondas
  14 naga warriors
  9 death knights
  4 merfolk aquamancers (Shoals:4)
  2 satyrs
  39 two-headed ogres
  25 dancing weapons
  8 deep troll shamans
  5 tengu warriors
  11 centaur warriors
  3 hell hogs (Depths:1)
  A titan zombie (Crypt:2)
  6 spriggan berserkers
  7 vampire magi
  4 orc high priests
  5 deep troll earth magi
  6 spriggans
  14 naga sharpshooters
  3 thrashing horrors
  A wretched star (Abyss:4)
  4 hell knights (Depths:4)
  An iron troll (Depths:1)
  12 deep elf knights
  A storm dragon zombie (Crypt:3)
  A soul eater (Crypt:1)
  A sun demon (Depths:5)
  A titan skeleton (Depths:2)
  A fire crab (shapeshifter) (Vaults:1)
  23 skeletal warriors
  4 salamander mystics
  22 deep trolls
  A quicksilver dragon simulacrum (Crypt:1)
  A shadow wraith (Crypt:2)
  9 deep elf archers
  A storm dragon skeleton (Depths:2)
  5 glowing orange brains
  A shadow demon (Abyss:4)
  4 unseen horrors
  6 naga ritualists
  A golden dragon skeleton (Crypt:1)
  4 wizards
  A harpy (shapeshifter) (Elf:3)
  8 sea snakes
  12 flayed ghosts
  11 ironbrand convokers
  7 orc knights
  An anaconda skeleton (Crypt:1)
  Pikel (D:8)
  8 harpies
  11 phantasmal warriors
  9 necromancers
  2 wolf spider zombies
  A fire giant zombie (Crypt:1)
  A shadow dragon zombie (Crypt:3)
  52 deep elf magi
  A mana viper (Snake:2)
  42 ugly things
  10 salamanders
  A shining eye (Shoals:3)
  3 orc sorcerers
  5 wolf spiders
  6 cyclopes
  An iron dragon skeleton (Crypt:1)
  3 fauns (Depths:2)
  10 moths of wrath
  11 merfolk sirens
  A stone giant skeleton (Depths:1)
  Joseph (D:8)
  5 manticores
  A shock serpent zombie (Crypt:1)
  A water nymph (Shoals:1)
  9 naga magi
  An eye of devastation (shapeshifter) (Vaults:5)
  A guardian serpent (shapeshifter) (Vaults:5)
  10 apocalypse crabs (Depths:3)
  7 guardian serpents
  An apis skeleton (Depths:1)
  2 fire giant skeletons
  A smoke demon (Abyss:3)
  5 vault sentinels
  A water nymph (shapeshifter) (Vaults:4)
  An orange demon (Abyss:3)
  A spiny frog (shapeshifter) (D:11)
  A gargoyle (D:12)
  22 black mambas
  A dire elephant skeleton (Crypt:1)
  A black draconian zombie (Crypt:1)
  5 komodo dragons
  2 rime drakes
  7 spiny frogs
  A demonic crawler (Abyss:3)
  27 yaktaurs
  A yaktaur (shapeshifter) (Vaults:5)
  12 freezing wraiths
  A guardian mummy (Crypt:3)
  An ice devil (D:12)
  A yellow draconian skeleton (Crypt:1)
  A hellwing (Depths:3)
  An ancient zyme (Abyss:3)
  A catoblepas skeleton (Crypt:1)
  7 tengu conjurers
  2 hydra zombies
  4 trolls
  A red devil (Depths:3)
  A sea snake skeleton (Crypt:1)
  3 meliai (D:15)
  A jumping spider (Crypt:3)
  2 wind drakes
  16 merfolk
  A harpy zombie (Crypt:1)
  8 polar bears (Lair:6)
  13 hornets
  A harpy skeleton (D:12)
  A hydra skeleton (Crypt:1)
  A hornet (shapeshifter) (Vaults:4)
  A fire giant simulacrum (Crypt:1)
  A fire dragon zombie (Crypt:1)
  2 ettin zombies (Crypt:3)
  A raiju (shapeshifter) (Vaults:4)
  26 slime creatures
  11 raiju
  A dream sheep (Shoals:1)
  2 meliai zombies
  An ice dragon zombie (Crypt:3)
  An air elemental (Elf:2)
  13 hippogriffs
  6 snapping turtles
  3 flying skulls
  3 ettin skeletons
  A ynoxinul (Abyss:4)
  A shadow (Crypt:3)
  12 water elementals
  A vampire (D:14)
  31 yaks
  A basilisk (Lair:5)
  11 large abominations
  11 wraiths
  4 redbacks
  A spriggan (shapeshifter) (Depths:1)
  5 wyverns
  5 fire bats (Lair:4)
  A basilisk (shapeshifter) (Depths:1)
  A dire elephant simulacrum (Crypt:1)
  2 chaos spawn (Depths:2)
  4 fire elementals
  8 wargs
  6 vampire mosquitoes
  A neqoxec (Abyss:3)
  A hungry ghost (D:11)
  58 nagas
  22 water moccasins
  An acid dragon (D:14)
  8 hell hounds (Lair:6)
  18 soldier ants (Lair:4)
  9 porcupines
  39 orc warriors
  8 black bears (Lair:6)
  A sky beast (D:2)
  An ice beast (D:7)
  An eye of draining (shapeshifter) (Vaults:1)
  A hornet zombie (D:15)
  A slave (D:8)
  An ettin simulacrum (Crypt:1)
  2 snapping turtle zombies (Crypt:3)
  An eye of draining (D:15)
  A black bear (shapeshifter) (Vaults:2)
  8 necrophages (Crypt:3)
  A swamp dragon zombie (Tomb:1)
  16 wolves
  8 boggarts
  27 ogres
  20 centaurs
  2 phantoms
  7 crocodiles
  4 earth elementals
  15 bullfrogs
  A yaktaur skeleton (Depths:1)
  A wyvern zombie (D:9)
  A komodo dragon skeleton (Crypt:2)
  A hippogriff skeleton (Crypt:1)
  8 wyvern skeletons (Crypt:3)
  5 small abominations
  A water moccasin skeleton (D:7)
  4 scorpions
  7 killer bees
  A troll skeleton (D:9)
  An electric eel (Snake:3)
  10 wights
  A spriggan skeleton (D:9)
  2 lava snakes (D:13)
  2 tengu skeletons
  5 howler monkeys
  2 centaur zombies
  6 crimson imps
  2 quasits
  5 hounds
  2 human simulacra
  An elf simulacrum (Crypt:1)
  A jelly (D:6)
  16 orc priests
  28 orc wizards
  5 centaur skeletons
  12 human skeletons (Vaults:2)
  A bullfrog skeleton (D:9)
  4 iguanas
  Natasha (D:2)
  20 worker ants
  A killer bee zombie (D:10)
  An ogre zombie (Crypt:3)
  A centaur simulacrum (Crypt:1)
  A big kobold skeleton (Crypt:1)
  A hound skeleton (D:6)
  2 mummies (Crypt:3)
  3 gnolls
  20 adders
  An ogre simulacrum (Crypt:1)
  A shadow imp (D:7)
  9 oozes (Sewer)
  A lava snake skeleton (Crypt:2)
  3 worms
  A dart slug (D:1)
  13 leopard geckos
  101 orcs
  15 giant cockroaches
  A gnoll zombie (Crypt:1)
  13 goblins
  7 hobgoblins
  15 jackals
  17 kobolds
  2 quokkas
  10 ball pythons
  A ball python zombie (Crypt:2)
  4 bats
  15 frilled lizards
  A kobold skeleton (Crypt:1)
  A leopard gecko skeleton (D:4)
  2 quokka skeletons
  2 quokka zombies
  5 rats
  3 crawling corpses (Elf:3)
  A fire vortex (D:13)
  A fungus (Lair:4)
  4 plants
  2 starspawn tentacles (Abyss:4)
  4 tentacles (Shoals:3)
  6 withered plants (Crypt:3)
2032 creatures vanquished.

Vanquished Creatures (collateral kills)
  3 orbs of fire
  3 ancient liches (Zot:5)
  A greater mummy (Crypt:3)
  3 Killer Klowns (Zot:5)
  Xtahua (Vaults:3)
  2 golden dragons (Zot:5)
  A profane servitor (Crypt:3)
  An electric golem (Zot:5)
  A shard shrike skeleton (Crypt:2)
  6 tentacled monstrosities
  12 Orb Guardians (Zot:5)
  A lich (Depths:4)
  2 quicksilver dragons
  A titan (Shoals:3)
  3 death cobs
  2 sphinxes
  A tengu reaver (Depths:4)
  Gastronok (Lair:3)
  3 shadow dragons
  4 storm dragons
  6 nagarajas
  4 deep elf sorcerers (Elf:3)
  2 frost giants
  2 vault wardens
  2 draconian scorchers
  An iron dragon (Depths:5)
  A ghost moth (Zot:5)
  2 juggernaut zombies (Depths:2)
  2 draconian knights
  2 draconian shifters
  Aizul (Shoals:1)
  2 curse skulls
  3 draconian annihilators
  A ghoul (Crypt:3)
  A spriggan defender (Depths:2)
  A reaper (Crypt:2)
  13 very ugly things
  2 entropy weavers (Lair:4)
  12 stone giants
  3 ironheart preservers
  An entropy weaver (shapeshifter) (Vaults:5)
  3 vampire knights
  3 green draconians
  2 black draconians
  2 yellow draconians
  4 purple draconians
  3 red draconians
  3 white draconians
  2 jiangshi (Depths:5)
  3 merfolk impalers
  3 eidola (Crypt:3)
  An ettin (Depths:5)
  6 yaktaur captains
  6 fire dragons
  2 ogre magi
  3 deep elf high priests (Elf:3)
  6 great orbs of eyes
  A hydra (Lair:5)
  13 naga warriors
  11 vault guards
  2 rakshasas
  2 ice dragons
  2 anacondas
  A merfolk avatar (Shoals:1)
  4 merfolk aquamancers
  A spriggan air mage (Depths:2)
  4 death knights
  7 two-headed ogres
  2 centaur warriors
  9 dancing weapons
  2 tengu warriors
  3 vampire magi
  2 deep troll earth magi (Depths:5)
  A queen ant (Lair:4)
  3 deep troll shamans
  6 death yaks (Lair:6)
  10 naga sharpshooters
  A spriggan berserker (Depths:5)
  3 deep elf knights
  2 soul eaters
  A storm dragon zombie (Crypt:1)
  10 skeletal warriors
  A salamander mystic (Depths:5)
  A sun demon (Depths:5)
  4 shadow wraiths
  4 sea snakes
  2 iron trolls
  4 unseen horrors
  3 golden dragon zombies
  11 deep trolls
  A flayed ghost (Crypt:2)
  A hell knight (Depths:4)
  A ghost moth zombie (Crypt:3)
  A wizard (Vaults:3)
  3 naga ritualists
  A shadow dragon zombie (Depths:1)
  6 orc knights
  10 phantasmal warriors
  4 ironbrand convokers
  A golden dragon skeleton (Crypt:1)
  4 necromancers
  An orc sorcerer (D:10)
  2 mana vipers
  16 deep elf magi
  2 deep elf archers
  6 wolf spiders
  17 ugly things
  4 salamanders
  A frost giant zombie (Crypt:3)
  5 manticores
  A sphinx zombie (Crypt:2)
  A stone giant zombie (Crypt:1)
  4 cyclopes
  A salamander (shapeshifter) (Vaults:4)
  3 moths of wrath
  A faun (Shoals:3)
  3 water nymphs
  2 merfolk sirens
  A frost giant skeleton (Crypt:1)
  4 guardian serpents
  8 naga magi
  A dire elephant zombie (Crypt:3)
  9 vault sentinels
  3 apis skeletons (Depths:1)
  9 black mambas
  A gargoyle (D:12)
  7 spiny frogs
  11 yaktaurs
  3 komodo dragons
  4 freezing wraiths
  2 polar bears (Lair:6)
  3 jumping spiders (Crypt:3)
  A sea snake skeleton (Crypt:2)
  A hydra zombie (Crypt:1)
  2 trolls (D:10)
  A hornet (Vaults:4)
  5 merfolk
  3 wind drakes
  A raiju (Lair:6)
  4 slime creatures
  3 dream sheep
  4 hippogriffs
  A bog body (Crypt:1)
  A fire dragon zombie (Crypt:1)
  5 snapping turtles
  3 redbacks
  3 air elementals
  5 yaks
  3 spriggans
  A shadow (D:14)
  8 water elementals
  4 wraiths
  2 wyverns
  A ynoxinul (Depths:3)
  A tarantella (Vaults:4)
  2 fire bats (Lair:4)
  2 basilisks
  2 fire elementals (Lair:4)
  2 wargs (Lair:6)
  Grum (Lair:1)
  27 nagas
  6 soldier ants
  An acid dragon (D:15)
  4 water moccasins
  6 porcupines
  5 hell hounds (Lair:6)
  8 orc warriors
  3 black bears (Lair:6)
  2 ice beasts
  An ice dragon simulacrum (Crypt:1)
  A black mamba simulacrum (Crypt:1)
  5 necrophages (Crypt:3)
  10 ogres
  7 wolves
  A centaur (shapeshifter) (Vaults:2)
  2 crocodiles
  3 centaurs
  An elf simulacrum (Vaults:1)
  5 bullfrogs
  A warg zombie (Crypt:2)
  A wyvern skeleton (Crypt:3)
  4 wights
  2 electric eels
  A spriggan skeleton (D:9)
  4 crimson imps
  3 orc priests
  A hound (D:9)
  A centaur skeleton (D:9)
  10 orc wizards
  An iguana (D:6)
  7 worker ants
  A small abomination (Depths:2)
  A worker ant zombie (D:9)
  An adder (D:9)
  A white imp (Depths:2)
  A leopard gecko (D:7)
  17 orcs
  A goblin (Bailey)
  2 kobolds (D:8)
  2 crawling corpses (Elf:3)
  4 plants
  3 withered plants (Crypt:3)
710 creatures vanquished.

Vanquished Creatures (others)
  2 ancient liches
  Asterion (Vaults:2)
  A fire giant (Vaults:5)
  A vault warden (Vaults:5)
  An ettin (Vaults:5)
  4 yaktaur captains (Vaults:5)
  A rakshasa (Vaults:3)
  A merfolk aquamancer (Shoals:4)
  A deep elf knight (Vaults:3)
  2 deep elf archers
  An ugly thing (Depths:4)
  A deep elf mage (Elf:1)
  2 yaktaurs (Depths:2)
  A chaos spawn (Depths:2)
  A naga (Snake:4)
  An orc priest (Elf:1)
  76 battlemagi
  5 ancestors
  A ball lightning (Snake:3)
  2 orcs
  42 fungi
  57 plants
  3 starspawn tentacles (Abyss:4)
  4 tentacles (Shoals:3)
  18 withered plants
230 creatures vanquished.

Grand Total: 2972 creatures vanquished

Notes
Turn   | Place    | Note
-------+----------+-------------------------------------------
     0 | D:1      | PikkenKukken the Demonspawn Fighter began the quest for the Orb.
     0 | D:1      | Reached XP level 1. HP: 18/18 MP: 1/1
   218 | D:1      | Gained mutation: You are partially covered in sharp spines. [demonic ancestry]
   218 | D:1      | Reached XP level 2. HP: 22/24 MP: 2/2
   825 | D:1      | Reached skill level 1 in Dodging
   931 | D:2      | Gained mutation: You regenerate a little health from kills. [demonic ancestry]
   931 | D:2      | Reached XP level 3. HP: 26/29 MP: 3/3
  1069 | D:2      | Found a white marble altar of Elyvilon.
  1305 | D:2      | Noticed Natasha
  1313 | D:2      | Killed Natasha
  1313 | D:2      | Gained mutation: When seriously injured, your bleeding wounds create armour. (AC +12) [demonic ancestry]
  1313 | D:2      | Reached XP level 4. HP: 36/36 MP: 4/4
  1431 | D:2      | Found an opulent altar of Gozag.
  1708 | D:2      | Found an ornate altar of the Wu Jian Council.
  1832 | D:3      | Found a burning altar of Makhleb.
  1924 | D:3      | Noticed a sky beast
  2035 | D:2      | Killed a sky beast
  2035 | D:2      | Reached skill level 4 in Fighting
  2035 | D:2      | Reached XP level 5. HP: 42/42 MP: 5/5
  2445 | D:4      | Gained mutation: You have a pair of small horns on your head. [demonic ancestry]
  2445 | D:4      | Reached XP level 6. HP: 27/48 MP: 6/6
  2592 | D:4      | Found a runed door.
  2654 | D:4      | Found a glowing silver altar of Zin.
  2655 | D:4      | Found Pijexed's Magic Scroll Boutique.
  2901 | D:4      | Found a glowing golden altar of the Shining One.
  3086 | D:4      | Reached XP level 7. HP: 39/55 MP: 7/7
  3265 | D:4      | Found a basalt altar of Yredelemnul.
  3510 | D:4      | Found a staircase to the Ecumenical Temple.
  3523 | Temple   | Entered the Ecumenical Temple
  3572 | Temple   | Became a worshipper of Hepliaklqana the Forgotten
  3661 | D:4      | Noticed tamionv's ghost (novice OpFi)
  3681 | D:5      | Entered Level 5 of the Dungeon
  3713 | D:5      | Found Curet's Distillery.
  3722 | D:5      | Bought a potion of heal wounds for 65 gold pieces
  3722 | D:5      | Bought a potion of mutation for 104 gold pieces
  3722 | D:5      | Gained mutation: You are agile. (Dex +2) [potion of mutation]
  3722 | D:5      | Gained mutation: You have a beak for a mouth. [potion of mutation]
  3722 | D:5      | Gained mutation: You passively map a small area around you. [potion of mutation]
  3779 | D:5      | Found a glowing drain.
  3790 | Sewer    | Entered a sewer
  3869 | Sewer    | Reached skill level 5 in Fighting
  4262 | D:5      | Found a shadowy altar of Dithmenos.
  4520 | D:5      | Reached skill level 5 in Armour
  4520 | D:5      | Reached XP level 8. HP: 52/56 MP: 8/8
  4765 | D:6      | Reached * piety under Hepliaklqana
  4776 | D:5      | Reached skill level 1 in Bows
  5386 | D:6      | Found Zisioma's Assorted Antiques.
  5765 | D:6      | Reached skill level 5 in Axes
  5766 | D:6      | Reached skill level 6 in Fighting
  6040 | D:7      | Found Enaneerch's Food Emporium.
  6231 | D:7      | Reached XP level 9. HP: 37/62 MP: 9/9
  6610 | D:7      | Found a snail-covered altar of Cheibriados.
  6615 | D:7      | Reached skill level 5 in Dodging
  6617 | D:7      | Found a hide-covered altar of Uskayaw.
  7155 | D:7      | Found an ancient bone altar of Kikubaaqudgha.
  7277 | D:8      | Noticed Joseph
  7286 | D:8      | Killed an unseen horror
  7298 | D:8      | Killed Joseph
  7298 | D:8      | Reached skill level 5 in Bows
  7491 | D:8      | Found Fothrastro's Jewellery Emporium.
  7534 | D:8      | Noticed a red ugly thing
  7545 | D:8      | Killed a red ugly thing
  7545 | D:8      | Reached skill level 7 in Fighting
  7610 | D:8      | Noticed Pikel
  7620 | D:8      | Killed Pikel
  7620 | D:8      | Gained mutation: You have a pair of horns on your head. [demonic ancestry]
  7620 | D:8      | Reached XP level 10. HP: 62/71 MP: 10/10
  7824 | D:8      | Reached ** piety under Hepliaklqana
  7825 | D:8      | Remembered your ancestor Xiuhtonal as a battlemage
  7921 | D:8      | Found a shattered altar of Ashenzari.
  8056 | D:8      | Found an iron altar of Okawaru.
  8417 | D:9      | Found Paboud's Book Boutique.
  8558 | D:9      | Reached skill level 8 in Fighting
  8597 | D:9      | Noticed a two-headed ogre
  8598 | D:9      | Noticed a manticore
  8607 | D:9      | Killed a two-headed ogre
  8626 | D:9      | Killed a manticore
  8792 | D:9      | Killed an unseen horror
  8844 | D:9      | Reached XP level 11. HP: 78/78 MP: 11/11
  8978 | D:9      | Found a staircase to the Lair.
  9126 | Lair:1   | Entered Level 1 of the Lair of Beasts
  9133 | Lair:1   | Reached *** piety under Hepliaklqana
  9161 | Lair:1   | Noticed a six-headed hydra
  9174 | Lair:1   | Killed an eight-headed hydra
  9345 | Lair:1   | Found a frozen archway.
  9361 | Lair:1   | Identified the Incunabulum of Stones and Confrontation
  9366 | Lair:1   | Noticed a seven-headed hydra
  9373 | Lair:1   | Killed a seven-headed hydra
  9373 | Lair:1   | Reached skill level 9 in Fighting
  9467 | Lair:1   | Noticed Grum
  9474 | Lair:1   | Killed Grum
  9738 | Lair:1   | Noticed a six-headed hydra
  9746 | Lair:1   | Killed a six-headed hydra
 10258 | Lair:2   | Found a staircase to the Snake Pit.
 10617 | Lair:2   | Reached **** piety under Hepliaklqana
 10948 | Lair:2   | Reached XP level 12. HP: 70/87 MP: 12/12
 11016 | Lair:2   | Found the ring of Robustness {AC+8}
 11338 | Lair:2   | Found a staircase to the Shoals.
 11566 | Lair:3   | Found a runed gate.
 11566 | Lair:3   | Found a runed gate.
 11567 | Lair:3   | Found a runed gate.
 11572 | Lair:3   | Noticed Ufuzuash's ghost (journeyman GnBe)
 11786 | Lair:3   | Noticed Ufuzuash's ghost (journeyman GnBe)
 11804 | Lair:3   | Noticed Gastronok
 11815 | Lair:3   | Killed Gastronok
 11815 | Lair:3   | Reached skill level 10 in Fighting
 12097 | Lair:3   | Reached ***** piety under Hepliaklqana
 12617 | Lair:4   | Noticed an entropy weaver
 12737 | Lair:4   | Noticed a queen ant
 12768 | Lair:4   | Killed a queen ant
 12965 | Lair:4   | Killed an entropy weaver
 13016 | Lair:4   | Noticed an entropy weaver
 13030 | Lair:4   | Killed an entropy weaver
 13448 | Lair:4   | Noticed a six-headed hydra
 13453 | Lair:4   | Gained mutation: When seriously injured, your bleeding wounds create thick armour. (AC +12) [demonic ancestry]
 13453 | Lair:4   | Reached XP level 13. HP: 93/93 MP: 13/13
 13931 | Lair:5   | Got an encrusted fustibalus
 13932 | Lair:5   | Identified the +10 fustibalus "Killer Bee's Peril" {flame, rPois Dex+6} (You found it on level 5 of the Lair of Beasts)
 14153 | Lair:5   | Reached skill level 10 in Armour
 14180 | Lair:5   | Reached skill level 1 in Slings
 14385 | Lair:5   | Found the +5 robe of Night {Dark MR+ SInv}
 14389 | Lair:5   | Noticed Snorg
 14395 | Lair:5   | Killed Snorg
 14529 | Lair:5   | Found a sacrificial altar of Ru.
 14831 | D:10     | Entered Level 10 of the Dungeon
 15058 | D:8      | Reached skill level 11 in Fighting
 15966 | D:10     | Got a fine hunting sling
 16114 | D:10     | Reached skill level 10 in Axes
 16114 | D:10     | Reached skill level 1 in Invocations
 16276 | D:10     | Identified the +3 hunting sling of Outrage {velocity, rPois rF+ Int-2} (You found it on level 10 of the Dungeon)
 16317 | D:10     | Found a staircase to the Orcish Mines.
 16530 | Orc:1    | Entered Level 1 of the Orcish Mines
 16788 | D:10     | Reached skill level 10 in Dodging
 17073 | Orc:2    | Entered Level 2 of the Orcish Mines
 17203 | Orc:2    | Found a roughly hewn altar of Beogh.
 17213 | Orc:2    | Found Viliseat's Antique Weapon Shoppe.
 17320 | Orc:2    | Found a staircase to the Elven Halls.
 17350 | Orc:1    | Found Jeehyuwn's Food Boutique.
 17735 | Lair:6   | Entered Level 6 of the Lair of Beasts
 17828 | Lair:6   | Reached skill level 5 in Invocations
 17986 | Lair:6   | Reached skill level 5 in Slings
 17986 | Lair:6   | Gained mutation: You regenerate health from kills. [demonic ancestry]
 17986 | Lair:6   | Reached XP level 14. HP: 101/101 MP: 18/18
 18072 | Lair:6   | Found a staircase to the Slime Pits.
 18074 | Lair:6   | Found a viscous altar of Jiyva.
 18149 | Lair:6   | Noticed Josephine
 18161 | Lair:6   | Killed Josephine
 18361 | Lair:6   | Identified 2 scrolls of acquirement
 18364 | Lair:6   | Got a pitted longbow
 18403 | Lair:6   | Identified the +8 longbow of the New World {freeze, Int+7 SInv} (You acquired it on level 6 of the Lair of Beasts)
 19769 | Orc:2    | Found a roughly hewn altar of Beogh.
 19785 | Orc:2    | Reached skill level 12 in Fighting
 19786 | Orc:2    | Found Nexi's Jewellery Emporium.
 19956 | Orc:2    | Reached ****** piety under Hepliaklqana
 20131 | Orc:2    | Noticed Saint Roka
 20677 | Orc:2    | Killed Saint Roka
 20816 | Orc:2    | Found Civ Qeumugy's Antique Weapon Boutique.
 20817 | Orc:2    | Found a roughly hewn altar of Beogh.
 20820 | Orc:2    | Found Honau's Antique Armour Shop.
 20858 | Orc:2    | Bought a steaming plate armour for 616 gold pieces
 20868 | Orc:2    | Identified the cursed +1 plate armour "Xuagex" {-Cast Int+9 Dex+6} (You bought it in a shop on level 2 of the Orcish Mines)
 21011 | Orc:2    | Found a roughly hewn altar of Beogh.
 21114 | Orc:2    | Found a roughly hewn altar of Beogh.
 21357 | Snake:1  | Entered Level 1 of the Snake Pit
 21635 | Snake:1  | Gained mutation: You regenerate a lot of health from kills. [demonic ancestry]
 21635 | Snake:1  | Reached XP level 15. HP: 98/109 MP: 19/19
 22622 | Snake:2  | Reached skill level 13 in Fighting
 22773 | Snake:2  | Found a runed door.
 22773 | Snake:2  | Noticed Empafujaloe's ghost (adept TrMo)
 23090 | Snake:3  | Noticed Nikola
 23101 | Snake:3  | Killed Nikola
 23148 | Snake:3  | Found Routs's Armour Shoppe.
 23156 | Snake:3  | Found Qaceheoli's Antique Weapon Emporium.
 23168 | Snake:3  | Bought a runed battleaxe for 218 gold pieces
 23404 | Snake:3  | Noticed a nagaraja
 23423 | Snake:3  | Killed a nagaraja
 23836 | Snake:3  | Reached skill level 14 in Fighting
 24580 | Snake:3  | Noticed a nagaraja
 24589 | Snake:3  | Noticed a nagaraja
 24650 | Snake:3  | Gained mutation: You have a pair of large horns on your head. [demonic ancestry]
 24650 | Snake:3  | Reached XP level 16. HP: 103/120 MP: 20/20
 25361 | Snake:4  | Entered Level 4 of the Snake Pit
 26187 | Snake:4  | Reached skill level 15 in Fighting
 26445 | Snake:4  | Found an iron altar of Okawaru.
 28011 | Snake:4  | Gained mutation: You are mostly covered in sharp spines. [demonic ancestry]
 28011 | Snake:4  | Reached XP level 17. HP: 129/129 MP: 21/21
 28436 | Snake:4  | Reached skill level 16 in Fighting
 28546 | Snake:4  | Reached skill level 10 in Slings
 28673 | Snake:4  | Got a serpentine rune of Zot
 29029 | D:11     | Found a flagged portal.
 29039 | Bailey   | Entered a bailey
 29119 | Bailey   | Found a bloodstained altar of Trog.
 29308 | D:11     | Found a roughly hewn altar of Beogh.
 29308 | D:11     | Found Kamn's Distillery.
 29345 | D:11     | Bought a potion of heal wounds for 55 gold pieces
 29345 | D:11     | Bought a potion of haste for 110 gold pieces
 29345 | D:11     | Bought a potion of haste for 110 gold pieces
 29345 | D:11     | Bought a potion of curing for 33 gold pieces
 31430 | D:13     | Found a gate to the Vaults.
 31440 | Vaults:1 | Entered Level 1 of the Vaults
 31483 | Vaults:1 | Reached skill level 17 in Fighting
 31918 | Vaults:1 | Gained mutation: You are completely covered in sharp spines. [demonic ancestry]
 31918 | Vaults:1 | Reached XP level 18. HP: 131/138 MP: 22/22
 32316 | Vaults:1 | Found Zadghud's Antique Weapon Shop.
 32400 | Vaults:1 | Noticed a tentacled monstrosity
 32412 | Vaults:1 | Killed a tentacled monstrosity
 33533 | Vaults:2 | Noticed Donald
 33563 | Vaults:1 | Killed Donald
 33673 | Vaults:2 | Found Oxeeneum's Distillery.
 33695 | Vaults:2 | Found Zir Zybiz's Antique Weapon Emporium.
 33699 | Vaults:2 | Bought a potion of heal wounds for 105 gold pieces
 33704 | Vaults:2 | Found Tyirul's General Store.
 34010 | Vaults:2 | Reached XP level 19. HP: 145/145 MP: 25/25
 34558 | Vaults:2 | Got a pair of crude gloves
 34569 | Vaults:2 | Identified the +2 pair of gloves of Oshremat {-Cast rC+ rCorr Dex+3} (You found it on level 2 of the Vaults)
 34587 | Vaults:2 | Found Cula Cobu's Book Shop.
 34875 | Vaults:2 | Reached skill level 10 in Invocations
 35195 | Vaults:3 | Reached skill level 18 in Fighting
 35712 | Vaults:3 | Noticed Asterion
 35712 | Vaults:3 | Noticed Xtahua
 35792 | Vaults:3 | Paralysed by Xtahua for 4 turns
 36095 | Shoals:1 | Entered Level 1 of the Shoals
 36216 | Shoals:1 | Noticed Aizul
 36224 | Shoals:1 | Killed Aizul
 38078 | Shoals:3 | Got a polished battleaxe
 38079 | Shoals:3 | Identified the +5 battleaxe of the Spider Nest {antimagic, rPois rC+ MR+} (You found it on level 3 of the Shoals)
 38275 | Shoals:3 | Found a burning altar of Makhleb.
 38296 | Shoals:3 | Reached skill level 15 in Armour
 38458 | Shoals:4 | Entered Level 4 of the Shoals
 39067 | Shoals:4 | Reached skill level 15 in Axes
 39311 | Shoals:4 | Cast into level 3 of the Abyss (merfolk impaler)
 39477 | Abyss:3  | Reached XP level 20. HP: 92/154 MP: 9/27
 39555 | Abyss:4  | Noticed a bone dragon
 39574 | Abyss:4  | Found a corrupted altar of Lugonu.
 39678 | Abyss:4  | Reached skill level 15 in Dodging
 39681 | Abyss:4  | Gained mutation: You have sharp toenails. [a shining eye]
 39685 | Abyss:4  | Noticed a bone dragon
 39687 | Shoals:4 | Escaped the Abyss
 39771 | Shoals:4 | Got a barnacled rune of Zot
 40123 | Shoals:4 | Noticed Ilsuiw
 40186 | Shoals:4 | Killed Ilsuiw
 42019 | D:15     | Entered Level 15 of the Dungeon
 42386 | D:15     | Found a blossoming altar of Fedhas.
 42677 | D:15     | Found a staircase to the Depths.
 42832 | Depths:1 | Entered Level 1 of the Depths
 43641 | Depths:1 | Found a gateway to a ziggurat.
 44268 | Depths:1 | Found a basalt altar of Yredelemnul.
 44270 | Depths:1 | Noticed a profane servitor
 44608 | Vaults:2 | Killed Asterion
 44608 | Vaults:2 | Reached skill level 19 in Fighting
 44608 | Vaults:2 | Gained mutation: When seriously injured, your bleeding wounds create very thick armour. (AC +12) [demonic ancestry]
 44608 | Vaults:2 | Reached XP level 21. HP: 150/162 MP: 9/28
 44654 | Vaults:3 | Killed Xtahua
 45119 | Vaults:3 | Found a staircase to the Crypt.
 45768 | Crypt:1  | Entered Level 1 of the Crypt
 46957 | Crypt:1  | HP: 3/162 [wolf spider zombie[a curse skull] (11)]
 47891 | Crypt:3  | Entered Level 3 of the Crypt
 48208 | Crypt:3  | Reached XP level 22. HP: 165/169 MP: 9/29
 49595 | Crypt:3  | Noticed a greater mummy
 49679 | Crypt:3  | Killed a greater mummy
 49839 | Crypt:3  | Found a staircase to the Tomb.
 50307 | Crypt:3  | Got a clouded copper ring
 50319 | Crypt:3  | Identified the ring "Woxzaun" {+Fly Str+4 Dex+2} (You found it on level 3 of the Crypt)
 50647 | Crypt:3  | Found a basalt altar of Yredelemnul.
 52133 | Crypt:3  | Identified the Grimoire of Enhancements
 52279 | Tomb:1   | Entered Level 1 of the Tomb of the Ancients
 52959 | Depths:1 | Reached skill level 20 in Fighting
 53131 | Depths:1 | Found a gateway to Hell.
 54582 | Depths:2 | Gained mutation: Your flesh is heat resistant. (rF+) [demonic ancestry]
 54582 | Depths:2 | Reached XP level 23. HP: 148/177 MP: 10/30
 54903 | Depths:2 | Noticed the Enchantress
 54934 | Depths:2 | Killed the Enchantress
 54970 | Depths:2 | Got faerie dragon scales
 54981 | Depths:2 | Identified the +6 faerie dragon scales {+Fly rPois MR- rCorr} (You took it off the Enchantress on level 2 of the Depths)
 55105 | Depths:2 | Identified the Handbook of Cloudy Contamination
 55117 | Depths:2 | Lost mutation: You have sharp toenails. [potion of mutation]
 55117 | Depths:2 | Lost mutation: You passively map a small area around you. [potion of mutation]
 55117 | Depths:2 | Gained mutation: You are robust. (+10% HP) [potion of mutation]
 55117 | Depths:2 | Lost mutation: You are agile. (Dex +2) [potion of mutation]
 55117 | Depths:2 | Gained mutation: Your body sometimes deteriorates upon taking damage. [potion of mutation]
 55117 | Depths:2 | Gained mutation: You have sharp toenails. [potion of mutation]
 55118 | Depths:2 | Lost mutation: You have sharp toenails. [potion of mutation]
 55118 | Depths:2 | Gained mutation: You have large cloven feet. [potion of mutation]
 55118 | Depths:2 | Gained mutation: Your flesh is cold resistant. (rC+) [potion of mutation]
 55118 | Depths:2 | Gained mutation: Your system is resistant to poisons. (rPois) [potion of mutation]
 55387 | Depths:2 | Found a one-way gate to the infinite horrors of the Abyss.
 55526 | Depths:3 | Found a one-way gate leading to the halls of Pandemonium.
 56170 | Depths:3 | Paralysed by you for 3 turns
 56195 | Depths:3 | Paralysed by you for 7 turns
 56309 | Depths:3 | Found the +6 lightning scales {run, rElec}
 56434 | Depths:3 | Found Uloum's Book Shop.
 56565 | Depths:3 | Got the ring "Tagoz" {Fire}
 56729 | Depths:3 | Identified the ring "Tagoz" {Fire MR+ Str+2} (You found it on level 3 of the Depths)
 56799 | Depths:4 | Gained mutation: You occasionally shout uncontrollably at your foes. [a cacodemon]
 56800 | Depths:4 | Gained mutation: You are resistant to hostile enchantments. (MR+) [a cacodemon]
 57054 | Depths:4 | Reached skill level 21 in Fighting
 57421 | Depths:4 | Noticed Boris
 57814 | Depths:4 | Killed Boris
 57826 | Depths:4 | Found a transporter.
 58156 | Depths:5 | Entered Level 5 of the Depths
 58363 | Depths:5 | Reached XP level 24. HP: 162/208 MP: 10/30
 58450 | Depths:5 | Found a gate to the Realm of Zot.
 58507 | Depths:5 | Paralysed by the power of Zot for 2 turns
 59494 | Elf:1    | Entered Level 1 of the Elven Halls
 59683 | Elf:1    | Identified Sif Muna's Catalogue of the Entourage
 61211 | Elf:2    | Found a large runed door.
 61211 | Elf:2    | Found a large runed door.
 61235 | Elf:2    | Found a large runed door.
 61235 | Elf:2    | Found a large runed door.
 61498 | Elf:2    | Noticed Agnes
 61508 | Elf:2    | Killed Agnes
 61832 | Elf:3    | Entered Level 3 of the Elven Halls
 61952 | Elf:3    | Found Woshric's General Store.
 61962 | Elf:3    | Bought a potion of haste for 150 gold pieces
 61962 | Elf:3    | Bought 10 sling bullets for 75 gold pieces
 61999 | Elf:3    | Found Tagat's Weapon Emporium.
 62614 | Elf:3    | Reached XP level 25. HP: 216/216 MP: 10/30
 62726 | Elf:3    | Reached skill level 15 in Slings
 62951 | Elf:3    | Got a coiled platinum amulet
 62952 | Elf:3    | Identified the amulet of the Tarantula {Harm *Drain MR+ Int+4} (You took it off a deep elf death mage on level 3 of the Elven Halls)
 63166 | Elf:3    | Identified the Papyrus of Dislocated Contamination
 63245 | Elf:3    | Got a brightly glowing wooden ring
 63774 | Vaults:4 | Reached skill level 22 in Fighting
 64407 | Vaults:4 | Got a scorched hunting sling
 64408 | Vaults:4 | Identified the +3 hunting sling of Taguloxeli {venom, rElec rN++ MP+9 SInv} (You found it on level 4 of the Vaults)
 64703 | Vaults:4 | Identified the ring "Yzyzis" {*Tele rPois MR+ Int-5} (You found it on level 3 of the Elven Halls)
 64902 | Vaults:5 | Entered Level 5 of the Vaults
 65079 | Vaults:5 | Noticed an ancient lich
 65088 | Vaults:5 | Noticed an ancient lich
 65103 | Vaults:5 | Killed an ancient lich
 65109 | Vaults:5 | Killed an ancient lich
 65109 | Vaults:5 | Gained mutation: You are immune to clouds of flame. [demonic ancestry]
 65109 | Vaults:5 | Reached XP level 26. HP: 226/226 MP: 30/30
 65230 | Vaults:5 | Noticed Sojobo
 65292 | Vaults:5 | Killed Sojobo
 65386 | Vaults:5 | Got a dazzling hand axe {vamp}
 65456 | Vaults:5 | Identified the +6 hand axe of Evolution {vamp, rF+} (You took it off a yaktaur captain on level 5 of the Vaults)
 65712 | Vaults:5 | Got a silver rune of Zot
 65716 | Vaults:5 | Identified Goypunia's Easy Witchcraft
 66646 | Zot:1    | Entered Level 1 of the Realm of Zot
 68239 | Zot:2    | Reached skill level 23 in Fighting
 68975 | Zot:3    | Gained mutation: You can hurl damnation. [demonic ancestry]
 68975 | Zot:3    | Reached XP level 27. HP: 235/235 MP: 10/30
 69421 | Zot:3    | Noticed an orb of fire
 69443 | Zot:3    | Killed an orb of fire
 70255 | Zot:4    | Noticed an orb of fire
 70265 | Zot:4    | Gained mutation: Your spells are a little easier to cast, but a little less powerful. [an orb of fire]
 70266 | Zot:4    | Killed an orb of fire
 71040 | Zot:5    | Entered Level 5 of the Realm of Zot
 71396 | Zot:5    | Noticed an ancient lich
 71413 | Zot:5    | Killed an ancient lich
 71836 | Zot:5    | Noticed an ancient lich
 71859 | Zot:5    | Killed an ancient lich
 71911 | Zot:5    | Noticed an ancient lich
 71925 | Zot:5    | Killed an ancient lich
 72034 | Zot:5    | Noticed an orb of fire
 72036 | Zot:5    | Lost mutation: You are robust. (+10% HP) [an orb of fire]
 72049 | Zot:5    | Killed an orb of fire
 72065 | Zot:5    | Noticed an ancient lich
 72255 | Zot:5    | Killed an ancient lich
 72340 | Zot:5    | Noticed an ancient lich
 72353 | Zot:5    | Killed an ancient lich
 72391 | Zot:5    | Reached skill level 24 in Fighting
 72476 | Zot:5    | Noticed an ancient lich
 72479 | Zot:5    | Killed an ancient lich
 72588 | Zot:5    | Noticed an orb of fire
 72596 | Zot:5    | Killed an orb of fire
 72612 | Zot:5    | Got a coiled turquoise ring
 72613 | Zot:5    | Identified the ring "Fuiryh" {rF++ MR+ Slay+3 SInv Stlth+} (You found it on level 5 of the Realm of Zot)
 73222 | Zot:5    | Got the Orb of Zot
 73383 | Zot:1    | Gained mutation: Scrolls take you a little longer to read. [a neqoxec]
 73668 | D:12     | Noticed Ofeakice the pandemonium lord
 73824 | D:7      | Noticed Suapept the pandemonium lord
 73866 | D:7      | HP: 2/229 [hellion/damnation (32)]
 73869 | D:7      | Killed from afar by a hellion

Vault maps used:
D:1:      lemuel_arrival_river_bridge, minmay_tripent
D:2:      lemuel_round_altar, elyvilon_altar_1, first_ration,
          grunt_gozag_breadcrumbs, uniq_natasha
D:3:      minivault_26, lemuel_statue_altar
D:4:      tso_oasis_becter, kennysheep_mini, overflow_temple_1_default,
          minmay_temple_entry_nine_rooms, ebering_ghost_sewer_d, serial_shops,
          shop_statue
D:5:      wad_crossroads, grunt_dithmenos_smoke, portal_sewer_entry_d,
          serial_shops, shop
D:6:      serial_shops, nicolae_shop_overgrown_old_shop
D:7:      kennysheep_little_box, old_standard_altar, overflow_temple_1_default,
          serial_shops, nicolae_shop_crystal
D:8:      cheibrodos_elevator_heist, overflow_temple_1_default,
          okawaru_altar_gauntlet_db, serial_shops, nicolae_shop_crystal,
          uniq_pikel, uniq_joseph
D:9:      due_lair_maze_entry_diamond, serial_shops, kennysheep_mini_moat,
          hangedman_tell_no_tales
D:10:     kennysheep_ambush_hall
D:11:     serial_shops, shop, enter_bailey_2, hangedman_fish_farm, fountainhead,
          grunt_decor_one_mirror, minmay_orc_keep
D:13:     david_vaults_1, kennysheep_boxes
D:14:     minivault_1
D:15:     hangedman_depths_entry_try_elsewhere_first,
          lemuel_coloured_pillars_altar
Temple:   kb_corrupted_temple
Lair:1:   portal_ice_cave_entry_pillars_2, uniq_grum
Lair:2:   minmay_shoals_entry_hut, guppyfry_snake_entry_garden,
          grunt_megastairs_1
Lair:3:   gammafunk_ghost_cemetery, infiniplex_staircase_pool, uniq_gastronok
Lair:4:   minivault_29
Lair:5:   basic_altar, uniq_snorg
Lair:6:   hangedman_lair_caniforms_friends, hangedman_lair_tendril_chambers,
          slime_altar_1, infiniplex_staircase_pool_2, uniq_josephine
Shoals:1: uniq_aizul
Shoals:2: abandoned_shop
Shoals:3: cheibrodos_shoals_gigantism, wheals_shoals_ruined_temple
Shoals:4: shoals_end_simple, shoal_ilsuiw
Snake:2:  gammafunk_ghost_grave, grunt_ministairs_9, grunt_megastairs_2,
          lemuel_fruit_tree
Snake:3:  nicolae_cobra_stairs, grunt_megastairs_5, serial_bayou_shore_b,
          serial_bayou_shore_a, basic_stair_grate_trap, minmay_shoptagon,
          uniq_nikola
Snake:4:  grunt_snake_rune_spirals, basic_altar, eino_curves_04,
          grunt_ministairs_4
Orc:1:    serial_shops, shop
Orc:2:    grunt_orc_community_town_hall, grunt_orc_community_big_house_1,
          grunt_orc_community_big_house_1, grunt_orc_community_house_2,
          grunt_orc_community_house_2, grunt_orc_community_house_3,
          grunt_orc_community_house_2
Elf:1:    minmay_elf_arrival_summoners, minmay_elf_demonology, spider_trap,
          orc_legates
Elf:2:    serial_co_window_serial, co_window_corner_a, co_window_corner_a,
          co_window_paths_a, co_window_corner_a, co_window_paths_b,
          co_window_paths_c, co_window_of_opportunity_b, co_window_paths_e,
          co_window_paths_d, glass_columns_b, uniq_agnes
Elf:3:    minmay_elf_hall_hex, serial_shops, shop, shop_fountains
Vaults:1: vaults_mumra_hex, vaults_mumra_minichess, v_alt_pattern_2, kb_rosetta,
          v_misc_23, vaults_standard_mumra_lines,
          ontoclasm_vaults_loading_screen, ontoclasm_vaults_pinch,
          ontoclasm_vaults_twist, v_misc_18, v_misc_17, serial_shops, shop
Vaults:2: v_alt_pattern_4, nicolae_vaults_asterisk, dpeg_vaults_monster_row,
          hangedman_vaults_snaps, nicolae_vaults_display_case, v_rooms_4,
          nicolae_vaults_twisting_passages, hangedman_vaults_nodes,
          nicolae_vaults_network_star, ontoclasm_vaults_ring_square,
          serial_shops, shop, shop, shop, shop, uniq_donald
Vaults:3: v_misc_17, nicolae_vaults_big_angled_halls,
          minmay_crypt_entry_simple_sparse, v_misc_2, v_misc_11,
          vaults_room_corners, v_misc_4, vaults_room_pool,
          nicolae_vaults_ring_of_whatevers, nicolae_vaults_little_squares_1,
          uniq_asterion, uniq_xtahua
Vaults:4: v_misc_1, grunt_vaults_twisty, ontoclasm_vaults_fault,
          ontoclasm_vaults_ligature, nicolae_vaults_murderbox,
          nicolae_vaults_little_squares_6, uniq_saint_roka
Vaults:5: uniq_sojobo
Crypt:1:  grunt_crypt_arrival_split
Crypt:3:  evilmike_haunted_forest
Depths:1: enter_ziggurat_a, hangedman_decor_growths, pf_dread_powers_of_hell,
          hangedman_blasphemy
Depths:2: grunt_forest_end_chambers, minmay_room_of_horrors,
          hangedman_coc_ice_floe, kennysheep_decorative_pillar, firewood_loft,
          infiniplex_staircase_spiral
Depths:3: gammafunk_mikee_crab_dinner, skrybe_limestone_x, pan_entry,
          hellmouth_1, serial_shops, nicolae_shop_crystal
Depths:4: gammafunk_the_bubble, hell_entry, abyss_entry, nrook_mini_vaults,
          hangedman_abyss_or_decor_stagger, serial_sigils_hangedman_leer,
          uniq_boris
Depths:5: grunt_zot_entry_alcove, lightli_too_deep, pan_entry,
          kennysheep_random_hallway
Zot:2:    st_single_dragon_hoard_2
Zot:4:    nicolae_lava_and_water
Abyss:3:  bh_abyss_xom_lugonu_altar
Abyss:4:  hangedman_abyss_town, doesnt_abyss_rune_brain_food
Sewer:    sewer_frog_island_02
Bailey:   bailey_axe_3, bailey

Skill      XL: |  1  2  3  4  5  6  7  8  9 10 11 12 13 14 15 16 17 18 19 20 21 22 23 24 25 26 27 |
---------------+----------------------------------------------------------------------------------+-----
Axes           | 2 3 4 5 6 7 8 9 10 11 12 13 14 15 16 17 18 19 20 21 | 21.3
Armour         | 3 4 5 6 7 8 9 10 11 12 13 14 15 16 17 18 19 20 21 | 21.3
Dodging        | 1 2 3 4 5 7 8 9 10 11 12 13 14 15 16 17 18 19 20 21 | 21.2
Fighting       | 4 5 6 7 8 9 10 11 12 14 15 17 18 19 20 21 22 23 24 | 24.1
Bows           | 3 5 6 8 |  8.0
Slings         | 5 7 8 9 10 11 12 13 14 15 16 18 | 18.2
Invocations    | 5 6 9 10 | 10.0
Shields        | |  2.6

Action                   |  1- 3 |  4- 6 |  7- 9 | 10-12 | 13-15 | 16-18 | 19-21 | 22-24 | 25-27 || total
-------------------------+-------+-------+-------+-------+-------+-------+-------+-------+-------++-------
Melee: War axe           |    67 |    95 |   238 |   303 |   548 |   725 |   198 |       |       ||  2174
       Headbutt          |       |     8 |    51 |    87 |   147 |   207 |   392 |   453 |   411 ||  1756
       Peck              |       |       |    36 |    73 |   135 |   192 |   403 |   377 |   404 ||  1620
       Battleaxe         |       |       |       |       |     7 |     3 |   989 |  1291 |  1223 ||  3513
       Kick              |       |       |       |       |       |       |    50 |       |   189 ||   239
 Fire: Shortbow          |       |       |    39 |   138 |     4 |       |       |       |       ||   181
       Fustibalus        |       |       |       |       |   412 |   509 |   367 |   156 |       ||  1444
Throw: Javelin           |     7 |     5 |     2 |       |       |       |       |       |       ||    14
       Tomahawk          |       |       |     1 |       |     1 |    27 |    16 |       |       ||    45
Invok: Ancestor Identity |       |       |     1 |       |       |       |       |       |       ||     1
       Recall Ancestor   |       |       |     2 |       |     3 |     2 |     5 |     8 |     3 ||    23
       Ancestor Life: Ba |       |       |       |     1 |       |       |       |       |       ||     1
       Idealise          |       |       |       |       |     2 |       |     2 |     4 |     2 ||    10
       Transference      |       |       |       |       |     2 |     1 |       |       |       ||     3
 Abil: Hurl Damnation    |       |       |       |       |       |       |       |       |     2 ||     2
  Use: Scroll            |     7 |     3 |     8 |     7 |     8 |     3 |    17 |     9 |    28 ||    90
       Potion            |       |       |     3 |     1 |     5 |     2 |     4 |     8 |    13 ||    36
 Stab: Distracted        |       |       |       |     8 |     6 |    11 |    16 |    13 |    15 ||    69
       Petrified         |       |       |       |       |       |       |       |     2 |       ||     2
       Paralysed         |       |       |       |       |       |       |       |     1 |       ||     1
  Eat: Chunk             |     1 |     6 |     8 |    15 |    12 |     9 |    19 |    10 |    10 ||    90
       Ration            |       |       |     2 |     1 |     7 |     6 |     9 |    10 |    10 ||    45
Armor: Scale mail        |    34 |    50 |    67 |       |       |       |       |       |       ||   151
       Plate armour      |       |       |    55 |   242 |   469 |   332 |   652 |   259 |       ||  2009
       Fire dragon scale |       |       |       |       |       |       |       |   196 |   273 ||   469
       Gold dragon scale |       |       |       |       |       |       |       |       |   300 ||   300
Dodge: Dodged            |    35 |    58 |   137 |   243 |   686 |   586 |  1334 |  1353 |  1138 ||  5570
       Deflected         |       |       |       |       |       |       |    17 |   101 |    66 ||   184

Table legend:
 A = Spawn XP
 B = Non-spawn XP
 C = Spawn XP percentage of total XP
 D = Spawn monster count
 E = Non-spawn monster count
 F = Spawn count percentage of total count
 G = Total turns spent on level
                    A         B        C        D         E        F      G
               +---------+---------+-------+---------+---------+-------+---------
         Total |   14107 | 1797188 |   0.8 |      29 |    2690 |   1.1 | 73869
               +---------+---------+-------+---------+---------+-------+---------
           D:1 |       0 |      37 |   0.0 |       0 |      17 |   0.0 |   927
           D:2 |       0 |     213 |   0.0 |       0 |      21 |   0.0 |  1077
           D:3 |       0 |      59 |   0.0 |       0 |      18 |   0.0 |   599
           D:4 |       0 |     565 |   0.0 |       0 |      27 |   0.0 |  1253
           D:5 |       0 |     322 |   0.0 |       0 |      12 |   0.0 |   875
           D:6 |       0 |     799 |   0.0 |       0 |      27 |   0.0 |  1246
           D:7 |       0 |    1487 |   0.0 |       0 |      34 |   0.0 |  1633
           D:8 |       0 |    4058 |   0.0 |       0 |      27 |   0.0 |   890
           D:9 |       0 |    5229 |   0.0 |       0 |      50 |   0.0 |  1296
          D:10 |       0 |    8212 |   0.0 |       0 |      41 |   0.0 |  1277
          D:11 |       0 |    6067 |   0.0 |       0 |      67 |   0.0 |  1037
          D:12 |       0 |   11586 |   0.0 |       0 |      41 |   0.0 |   790
          D:13 |       0 |    8083 |   0.0 |       0 |      20 |   0.0 |   977
          D:14 |       0 |   10601 |   0.0 |       0 |      26 |   0.0 |  1355
          D:15 |       0 |    9851 |   0.0 |       0 |      27 |   0.0 |   994
        Lair:1 |       0 |    5583 |   0.0 |       0 |      17 |   0.0 |  1076
        Lair:2 |       0 |    6752 |   0.0 |       0 |      29 |   0.0 |  1801
        Lair:3 |       0 |    5010 |   0.0 |       0 |      18 |   0.0 |  1188
        Lair:4 |       0 |   11374 |   0.0 |       0 |      58 |   0.0 |  1453
        Lair:5 |       0 |    4908 |   0.0 |       0 |      13 |   0.0 |   728
        Lair:6 |       0 |   33697 |   0.0 |       0 |     130 |   0.0 |  1838
      Shoals:1 |       0 |    7891 |   0.0 |       0 |      17 |   0.0 |   673
      Shoals:2 |       0 |    7934 |   0.0 |       0 |      18 |   0.0 |  1008
      Shoals:3 |     784 |   21958 |   3.4 |       2 |      34 |   5.6 |  1309
      Shoals:4 |       0 |   34016 |   0.0 |       0 |      57 |   0.0 |  1058
       Snake:1 |       0 |    8896 |   0.0 |       0 |      18 |   0.0 |   912
       Snake:2 |       0 |    9824 |   0.0 |       0 |      21 |   0.0 |   829
       Snake:3 |       0 |   45377 |   0.0 |       0 |      60 |   0.0 |  2591
       Snake:4 |       0 |   78438 |   0.0 |       0 |     142 |   0.0 |  3148
         Orc:1 |       0 |    3014 |   0.0 |       0 |      23 |   0.0 |   991
         Orc:2 |       0 |    8710 |   0.0 |       0 |      58 |   0.0 |  1501
         Elf:1 |       0 |   27861 |   0.0 |       0 |      58 |   0.0 |  1054
         Elf:2 |       0 |   40783 |   0.0 |       0 |      59 |   0.0 |  1333
         Elf:3 |       0 |   77594 |   0.0 |       0 |      73 |   0.0 |  1551
      Vaults:1 |       0 |   76540 |   0.0 |       0 |     118 |   0.0 |  1949
      Vaults:2 |       0 |   68207 |   0.0 |       0 |     101 |   0.0 |  2375
      Vaults:3 |       0 |   41185 |   0.0 |       0 |      51 |   0.0 |  1755
      Vaults:4 |       0 |   78125 |   0.0 |       0 |     105 |   0.0 |  1371
      Vaults:5 |       0 |  130601 |   0.0 |       0 |      93 |   0.0 |  1255
       Crypt:1 |       0 |   45198 |   0.0 |       0 |      73 |   0.0 |  1268
       Crypt:2 |       0 |   36857 |   0.0 |       0 |      45 |   0.0 |  1264
       Crypt:3 |       0 |   67161 |   0.0 |       0 |     102 |   0.0 |  4220
        Tomb:1 |       0 |     121 |   0.0 |       0 |       1 |   0.0 |   123
      Depths:1 |       0 |   67589 |   0.0 |       0 |      95 |   0.0 |  2515
      Depths:2 |       0 |   86960 |   0.0 |       0 |     122 |   0.0 |  1867
      Depths:3 |       0 |   51513 |   0.0 |       0 |      65 |   0.0 |  1847
      Depths:4 |       0 |   56299 |   0.0 |       0 |      58 |   0.0 |  1048
      Depths:5 |       0 |   60576 |   0.0 |       0 |      52 |   0.0 |   971
         Zot:1 |       0 |   41098 |   0.0 |       0 |      22 |   0.0 |  1092
         Zot:2 |       0 |   55598 |   0.0 |       0 |      35 |   0.0 |  1251
         Zot:3 |       0 |   40917 |   0.0 |       0 |      21 |   0.0 |  1199
         Zot:4 |       0 |   68846 |   0.0 |       0 |      40 |   0.0 |  1459
         Zot:5 |       0 |  213130 |   0.0 |       0 |      62 |   0.0 |  1765
       Abyss:3 |    4246 |    2588 |  62.1 |      11 |       4 |  73.3 |   229
       Abyss:4 |    9077 |       0 | 100.0 |      16 |       0 | 100.0 |   147
         Sewer |       0 |     360 |   0.0 |       0 |      51 |   0.0 |   348
        Bailey |       0 |     930 |   0.0 |       0 |      16 |   0.0 |   215
               +---------+---------+-------+---------+---------+-------+---------
